 Dungeon Crawl Stone Soup version 0.29.0-4-gdea44cf6ec (webtiles) character file.

Game seed: 4219300676819363335

9303 qw the Grappler (level 11, -5/106 HPs)
             Began as a Troll Cinder Acolyte on Aug 31, 2022.
             Was an Initiate of Ignis.
             Slain by an eight-headed hydra (6 damage)
             ... on level 1 of the Lair of Beasts.
             The game lasted 00:04:50 (9381 turns).

qw the Grappler (Troll Cinder Acolyte)              Turns: 9381, Time: 00:04:51

Health: -5/106     AC: 15    Str: 28    XL:     11   Next: 21%
Magic:  11/11      EV:  8    Int: 10    God:    Ignis [......]
Gold:   480        SH:  0    Dex:  5    Spells: 12/12 levels left

rFire   + . .      SeeInvis .     - Unarmed
rCold   . . .      Faith    .   (no shield)
rNeg    . . .      Spirit   .   h - +0 swamp dragon scales
rPois   +          Reflect  .   (helmet restricted)
rElec   .          Harm     .   f - +0 cloak
rCorr   .          Rampage  .   (gloves unavailable)
Will    .....                   (boots unavailable)
Stlth   ..........              (no amulet)
HPRegen 1.07/turn               j - +4 ring of protection
MPRegen 0.12/turn               (no ring)

@: about to teleport
A: large, unfitting armour, claws 3, regeneration 1, shaggy fur 1, tough skin 1
a: Renounce Religion, Rising Flame


You were on level 1 of the Lair of Beasts.
You worshipped Ignis.
Ignis was noncommittal.
You visited 2 branches of the dungeon, and saw 9 of its levels.

You collected 550 gold pieces.
You spent 70 gold pieces at shops.


Innate Abilities, Weirdness & Mutations

You are too large for most types of armour.
You have claws for hands.
Your natural rate of healing is unusually fast.
You are covered in fur. (AC +1)
You have tough skin. (AC +1)


   Skills:
 - Level 6.3 Fighting
 - Level 5.0 Throwing
 - Level 3.7 Armour
 - Level 1.0 Dodging
 + Level 14.4 Unarmed Combat
 - Level 1.0 Spellcasting
 - Level 2.1 Fire Magic


You had 12 spell levels left.
You didn't know any spells.
Your spell library contained the following spells:

 Spells                   Type           Power      Damage    Failure   Level
 Scorch                   Fire           8%         2d5       30%         2

Inventory:

Missiles
 a - 2 boomerangs (quivered)
Armour
 f - a +0 cloak (worn)
 h - +0 swamp dragon scales (worn)
Jewellery
 j - a +4 ring of protection (left claw)
 n - a ring of poison resistance
Scrolls
 c - 3 scrolls of identify
 e - a scroll of teleportation
 g - 2 scrolls of brand weapon
 i - a scroll of fog {unknown}
 m - a scroll of enchant weapon
Potions
 b - 4 potions of curing
 d - 5 potions of mutation
 k - a potion of haste {unknown}
 l - 3 potions of might

Dungeon Overview and Level Annotations

Branches:
Dungeon (8/15)             Temple (0/1) D:4            Lair (1/5) D:8

Altars:
Ashenzari
Elyvilon
Makhleb
Qazlal
Trog
Wu Jian
Xom
Zin

Shops:
D:2 (   D:6 *

Annotations:
Lair:1 3 runed translucent doors, qw's ghost, novice TeWr


Message History

You throw a boomerang.
The boomerang hits the seven-headed hydra.
The seven-headed hydra is lightly wounded.
Throw: 2 boomerangs
Press: ? - help, Q - select action Shift-Dir - straight line, f/p - seven-headed hydra You throw a boomerang.
The boomerang hits the seven-headed hydra.
The seven-headed hydra is lightly wounded.
You rip one of the seven-headed hydra's heads off!
The six-headed hydra grows two more!
You mangle the eight-headed hydra!!
The eight-headed hydra is heavily wounded.
The eight-headed hydra bites you!
The eight-headed hydra completely misses you.
The eight-headed hydra bites you! The eight-headed hydra bites you.
The eight-headed hydra bites you but does no damage. x2
The eight-headed hydra bites you! x2
You barely miss the eight-headed hydra.
The eight-headed hydra is heavily wounded.
The eight-headed hydra barely misses you.
The eight-headed hydra bites you but does no damage.
The eight-headed hydra bites you.
The eight-headed hydra bites you but does no damage. x2
The eight-headed hydra bites you!
The eight-headed hydra bites you but does no damage.
The eight-headed hydra bites you!
You scratch the eight-headed hydra but do no damage.
You claw the eight-headed hydra.
The eight-headed hydra is heavily wounded.
The eight-headed hydra barely misses you.
The eight-headed hydra bites you. x2
The eight-headed hydra barely misses you.
The eight-headed hydra closely misses you.
The eight-headed hydra bites you! x2; The eight-headed hydra bites you.
9381 ||| READING 2 scrolls of teleportation.
As you read the scroll of teleportation, it crumbles to dust.
You feel strangely unstable. The eight-headed hydra bites you!
The eight-headed hydra bites you but does no damage. x2
The eight-headed hydra bites you. x2
You die...

.%................
.............###..#
%............# #..#
.............# ...#
.............# #..#
.............# #..#
.............###..#
..............##D.#
.........../....@.#
..........^.......#
##.#.#.############
#######


You could see an eight-headed hydra.

Vanquished Creatures
  2 death yaks (Lair:1)
  3 elephants (Lair:1)
  A black mamba (Lair:1)
  2 cane toads (Lair:1)
  Maggie (D:6)
  2 komodo dragons
  Grinder (D:4)
  2 wyverns (D:8)
  A yak (D:8)
  A steam dragon (D:7)
  Edmund (D:4)
  2 water moccasins (Lair:1)
  Duvessa (D:6)
  2 black bears (D:5)
  3 orc warriors
  An ice beast (D:8)
  4 sky beasts
  A centaur (D:7)
  3 phantoms
  2 kobold brigands (D:8)
  Blork the orc (D:6)
  3 necrophages
  2 gnoll sergeants
  4 bullfrogs
  5 scorpions
  Dowan (D:6)
  5 killer bees (D:7)
  6 howler monkeys
  4 jellies
  7 hounds
  3 gnoll boudas
  6 orc priests
  4 iguanas
  9 orc wizards
  A hound skeleton (D:7)
  34 gnolls
  7 adders
  A shadow imp (D:8)
  2 white imps
  2 ufetubi
  A dart slug (D:4)
  35 orcs
  4 bats
  3 endoplasms
  3 giant cockroaches
  11 goblins
  3 hobgoblins
  12 jackals (D:4)
  A quokka (D:2)
  7 ball pythons
  2 frilled lizards (D:1)
  13 kobolds
  3 rats
241 creatures vanquished.

Vanquished Creatures (others)
  3 fungi
  8 plants
11 creatures vanquished.

Grand Total: 252 creatures vanquished

Notes
Turn   | Place    | Note
-------+----------+-------------------------------------------
     0 | D:1      | qw the Troll Cinder Acolyte began the quest for the Orb.
     0 | D:1      | Reached XP level 1. HP: 22/22 MP: 1/1
     0 | D:1      | 0 ||| qw: Version: 0.1-a-97-g2dd2ca4
     0 | D:1      | 0 ||| qw: Game counter: 4585
     0 | D:1      | 0 ||| qw: Always use a shield: true
     0 | D:1      | 0 ||| qw: God list: Okawaru
     0 | D:1      | 0 ||| qw: Allow faded altars: false
     0 | D:1      | 0 ||| qw: Do Orc after D:15 true
     0 | D:1      | 0 ||| qw: Do second Lair branch before Depths: true
     0 | D:1      | 0 ||| qw: Lair rune preference: random
     0 | D:1      | 0 ||| qw: Plans: Normal
     0 | D:1      | 0 ||| PLANNING D:1-11
   171 | D:1      | 171 ||| Stepping ~*~*~tactically~*~*~ (stealth).
   338 | D:1      | 338 ||| Stepping ~*~*~tactically~*~*~ (stealth).
   339 | D:1      | 339 ||| Stepping ~*~*~tactically~*~*~ (stealth).
   358 | D:1      | Reached XP level 2. HP: 29/29 MP: 2/2
   604 | D:1      | Found a faded altar of an unknown god.
   679 | D:1      | 679 ||| READING scroll labelled NUOROU DIESEOM.
   694 | D:1      | 694 ||| READING scroll labelled DODENI GUCKEN.
   695 | D:1      | 695 ||| READING scroll labelled NATARH UNTEAZI.
   696 | D:1      | 696 ||| READING scroll labelled REUTUWIMEO.
   797 | D:1      | 797 ||| DRINKING 2 fuming cyan potions.
   798 | D:1      | 798 ||| DROPPING potion of flight.
   864 | D:2      | Found Nisuhoor's Antique Weapon Emporium.
   897 | D:2      | Reached skill level 4 in Unarmed Combat
   906 | D:2      | 906 ||| Stepping ~*~*~tactically~*~*~ (stealth).
   912 | D:2      | 912 ||| Stepping ~*~*~tactically~*~*~ (stealth).
   924 | D:2      | 924 ||| Stepping ~*~*~tactically~*~*~ (stealth).
   931 | D:2      | 931 ||| Stepping ~*~*~tactically~*~*~ (stealth).
   932 | D:2      | 932 ||| Stepping ~*~*~tactically~*~*~ (stealth).
   933 | D:2      | 933 ||| Stepping ~*~*~tactically~*~*~ (hiding).
   936 | D:2      | 936 ||| INVOKING Fiery Armour.
   939 | D:2      | Reached XP level 3. HP: 36/36 MP: 3/3
   940 | D:2      | Reached skill level 5 in Unarmed Combat
   940 | D:2      | Reached XP level 4. HP: 44/44 MP: 4/4
  1203 | D:2      | 1203 ||| Stepping ~*~*~tactically~*~*~ (stealth).
  1205 | D:2      | 1205 ||| Stepping ~*~*~tactically~*~*~ (stealth).
  1703 | D:2      | 1703 ||| READING scroll labelled ACYH JATWIY.
  1704 | D:2      | 1704 ||| READING scroll labelled XOBACSAOMA.
  1705 | D:2      | 1705 ||| READING scroll labelled ZOYPSUOGRUU.
  1706 | D:2      | 1706 ||| READING scroll labelled LIP WOJIGRY.
  1707 | D:2      | 1707 ||| DRINKING 2 sedimented white potions.
  1708 | D:2      | 1708 ||| DROPPING potion of degeneration.
  1709 | D:2      | 1709 ||| Stepping randomly (stuck).
  1710 | D:2      | 1710 ||| Stepping ~*~*~tactically~*~*~ (cloud).
  2066 | D:3      | Noticed a scorpion
  2079 | D:3      | Killed a scorpion
  2080 | D:3      | Reached skill level 6 in Unarmed Combat
  2080 | D:3      | Reached XP level 5. HP: 29/50 MP: 5/5
  2267 | D:3      | 2267 ||| Stepping ~*~*~tactically~*~*~ (stealth).
  2270 | D:3      | 2270 ||| Stepping ~*~*~tactically~*~*~ (stealth).
  2286 | D:3      | 2286 ||| Stepping ~*~*~tactically~*~*~ (stealth).
  2299 | D:3      | Reached skill level 1 in Throwing
  2894 | D:3      | 2894 ||| READING scroll labelled JOSOLI ROGE.
  2895 | D:3      | 2895 ||| READING scroll labelled YSEIWYXTUW.
  2896 | D:3      | 2896 ||| READING scroll labelled LAEJOGEXEO.
  2899 | D:3      | 2899 ||| DRINKING 3 coppery potions.
  2900 | D:3      | 2900 ||| READING 2 scrolls of identify.
  2900 | D:3      | 2900 ||| IDENTIFYING blue potion
  2943 | D:4      | Noticed a phantom
  2950 | D:4      | Noticed Grinder
  2957 | D:4      | 2957 ||| INVOKING Fiery Armour.
  2959 | D:4      | 2959 ||| Stepping ~*~*~tactically~*~*~ (outnumbered).
  2960 | D:4      | 2960 ||| Stepping ~*~*~tactically~*~*~ (outnumbered).
  2961 | D:4      | 2961 ||| Stepping ~*~*~tactically~*~*~ (outnumbered).
  2962 | D:4      | 2962 ||| Stepping ~*~*~tactically~*~*~ (outnumbered).
  2962 | D:4      | Killed a phantom
  2963 | D:4      | Reached XP level 6. HP: 33/59 MP: 6/6
  2969 | D:4      | Reached skill level 7 in Unarmed Combat
  2969 | D:4      | Paralysed by Grinder for 3 turns
  2975 | D:4      | Killed Grinder
  2976 | D:4      | Reached skill level 8 in Unarmed Combat
  2976 | D:4      | Reached XP level 7. HP: 39/66 MP: 7/7
  3019 | D:4      | 3019 ||| Stepping ~*~*~tactically~*~*~ (hiding).
  3196 | D:4      | Found a staircase to the Ecumenical Temple.
  3207 | D:4      | Noticed Edmund
  3211 | D:4      | Killed Edmund
  3212 | D:4      | Reached skill level 3 in Fighting
  3424 | D:4      | 3424 ||| Stepping ~*~*~tactically~*~*~ (outnumbered).
  3774 | D:4      | 3774 ||| Stepping ~*~*~tactically~*~*~ (outnumbered).
  3776 | D:4      | 3776 ||| Stepping ~*~*~tactically~*~*~ (outnumbered).
  3777 | D:4      | 3777 ||| Stepping ~*~*~tactically~*~*~ (outnumbered).
  3781 | D:4      | 3781 ||| Stepping ~*~*~tactically~*~*~ (outnumbered).
  3783 | D:4      | 3783 ||| Stepping ~*~*~tactically~*~*~ (outnumbered).
  3784 | D:4      | 3784 ||| Stepping ~*~*~tactically~*~*~ (outnumbered).
  3786 | D:4      | 3786 ||| Stepping ~*~*~tactically~*~*~ (outnumbered).
  3790 | D:4      | 3790 ||| INVOKING Fiery Armour.
  3837 | D:4      | 3837 ||| Stepping ~*~*~tactically~*~*~ (stealth).
  3872 | D:4      | Reached XP level 8. HP: 70/75 MP: 8/8
  3890 | D:4      | Reached skill level 3 in Throwing
  3937 | D:4      | 3937 ||| Stepping ~*~*~tactically~*~*~ (hiding).
  3946 | D:4      | Reached skill level 9 in Unarmed Combat
  3954 | D:4      | 3954 ||| Stepping ~*~*~tactically~*~*~ (stealth).
  3955 | D:4      | 3955 ||| Stepping ~*~*~tactically~*~*~ (stealth).
  3957 | D:4      | 3957 ||| Stepping ~*~*~tactically~*~*~ (stealth).
  3958 | D:4      | 3958 ||| Stepping ~*~*~tactically~*~*~ (stealth).
  3979 | D:4      | 3979 ||| Stepping ~*~*~tactically~*~*~ (stealth).
  3982 | D:4      | Reached skill level 1 in Dodging
  4022 | D:4      | 4022 ||| Stepping ~*~*~tactically~*~*~ (stealth).
  4024 | D:4      | 4024 ||| Stepping ~*~*~tactically~*~*~ (hiding).
  4148 | D:4      | 4148 ||| UPGRADING to +0 cloak.
  4153 | D:4      | 4153 ||| DROPPING ring of wizardry.
  4154 | D:4      | 4154 ||| DRINKING 3 viscous amethyst potions.
  4201 | D:4      | 4201 ||| DRINKING 2 ruby potions.
  4202 | D:4      | 4202 ||| DRINKING 2 bubbling black potions.
  4203 | D:4      | 4203 ||| DROPPING 2 potions of lignification.
  4204 | D:4      | 4204 ||| DROPPING potion of brilliance.
  4205 | D:4      | 4205 ||| DROPPING potion of magic.
  4273 | D:5      | Entered Level 5 of the Dungeon
  4300 | D:5      | 4300 ||| Stepping ~*~*~tactically~*~*~ (stealth).
  4303 | D:5      | 4303 ||| Stepping ~*~*~tactically~*~*~ (hiding).
  4311 | D:5      | 4311 ||| Stepping ~*~*~tactically~*~*~ (stealth).
  4317 | D:5      | 4317 ||| INVOKING Fiery Armour.
  4320 | D:5      | HP: 1/75 [gnoll sergeant/+1 spear of distortion (23)]
  4327 | D:5      | 4327 ||| FLEEEEING.
  4411 | D:5      | Reached skill level 10 in Unarmed Combat
  4426 | D:5      | 4426 ||| Stepping ~*~*~tactically~*~*~ (outnumbered).
  4432 | D:5      | 4432 ||| INVOKING Fiery Armour.
  4433 | D:5      | 4433 ||| Stepping ~*~*~tactically~*~*~ (hiding).
  4442 | D:5      | 4442 ||| Stepping ~*~*~tactically~*~*~ (outnumbered).
  4443 | D:5      | 4443 ||| Stepping ~*~*~tactically~*~*~ (outnumbered).
  4445 | D:5      | 4445 ||| Stepping ~*~*~tactically~*~*~ (outnumbered).
  4568 | D:5      | 4568 ||| Stepping ~*~*~tactically~*~*~ (stealth).
  4672 | D:5      | Reached XP level 9. HP: 84/84 MP: 9/9
  4888 | D:5      | Found a broken altar of Ashenzari.
  4918 | D:5      | Reached skill level 11 in Unarmed Combat
  5028 | D:5      | Found a bloodstained altar of Trog.
  5028 | D:5      | Found a stormy altar of Qazlal.
  5151 | D:5      | 5151 ||| DROPPING +6 ring of intelligence.
  5152 | D:5      | 5152 ||| READING scroll labelled OXZIUT TATREMA.
  5153 | D:5      | 5153 ||| READING 3 scrolls of identify.
  5153 | D:5      | 5153 ||| IDENTIFYING red potion
  5154 | D:5      | 5154 ||| READING 2 scrolls of identify.
  5154 | D:5      | 5154 ||| IDENTIFYING amethyst potion
  5155 | D:5      | 5155 ||| DROPPING potion of attraction.
  5218 | D:6      | 5218 ||| Stepping ~*~*~tactically~*~*~ (stealth).
  5222 | D:6      | 5222 ||| Stepping ~*~*~tactically~*~*~ (outnumbered).
  5226 | D:6      | 5226 ||| Stepping ~*~*~tactically~*~*~ (outnumbered).
  5293 | D:6      | Found an ornate altar of the Wu Jian Council.
  5311 | D:6      | Noticed Blork the orc
  5315 | D:6      | Killed Blork the orc
  5363 | D:6      | Found a white marble altar of Elyvilon.
  5459 | D:6      | Noticed Duvessa
  5459 | D:6      | Noticed Dowan
  5460 | D:6      | 5460 ||| INVOKING Fiery Armour.
  5462 | D:6      | 5462 ||| Stepping ~*~*~tactically~*~*~ (hiding).
  5467 | D:6      | Killed Duvessa
  5474 | D:6      | 5474 ||| Stepping ~*~*~tactically~*~*~ (hiding).
  5478 | D:6      | Killed Dowan
  5628 | D:6      | Noticed Maggie
  5636 | D:6      | 5636 ||| DRINKING potion of cancellation.
  5640 | D:6      | Killed Maggie
  5776 | D:6      | Found a glowing silver altar of Zin.
  5837 | D:6      | 5837 ||| Stepping ~*~*~tactically~*~*~ (outnumbered).
  5846 | D:6      | 5846 ||| Stepping ~*~*~tactically~*~*~ (outnumbered).
  5894 | D:6      | Found Qanefotz's General Store.
  6024 | D:6      | 6024 ||| BUYING scroll of identify (28 gold).
  6024 | D:6      | Bought a scroll of identify for 28 gold pieces
  6024 | D:6      | 6024 ||| BUYING scroll of teleportation (42 gold).
  6024 | D:6      | Bought a scroll of teleportation for 42 gold pieces
  6207 | D:6      | 6207 ||| UPGRADING to +0 swamp dragon scales.
  6217 | D:6      | 6217 ||| DROPPING +0 robe.
  6218 | D:6      | 6218 ||| UPGRADING to +4 ring of protection.
  6219 | D:6      | 6219 ||| READING 3 scrolls of identify.
  6219 | D:6      | 6219 ||| IDENTIFYING emerald potion
  6220 | D:6      | 6220 ||| READING 2 scrolls of identify.
  6220 | D:6      | 6220 ||| IDENTIFYING metallic blue potion
  6221 | D:6      | 6221 ||| DROPPING potion of invisibility.
  6257 | D:7      | 6257 ||| INVOKING Fiery Armour.
  6260 | D:7      | Reached skill level 1 in Armour
  6260 | D:7      | 6260 ||| Stepping ~*~*~tactically~*~*~ (outnumbered).
  6261 | D:7      | 6261 ||| Stepping ~*~*~tactically~*~*~ (outnumbered).
  6266 | D:7      | Reached skill level 12 in Unarmed Combat
  6322 | D:7      | 6322 ||| Stepping ~*~*~tactically~*~*~ (hiding).
  6366 | D:7      | 6366 ||| Stepping ~*~*~tactically~*~*~ (hiding).
  6674 | D:7      | Found a burning altar of Makhleb.
  6781 | D:7      | Found a shimmering altar of Xom.
  7011 | D:7      | 7011 ||| INVOKING Fiery Armour.
  7018 | D:7      | Reached XP level 10. HP: 76/96 MP: 10/10
  7235 | D:7      | 7235 ||| READING scroll labelled CUYPUGOTED.
  7288 | D:8      | 7288 ||| INVOKING Fiery Armour.
  7292 | D:8      | 7292 ||| Stepping ~*~*~tactically~*~*~ (outnumbered).
  7293 | D:8      | 7293 ||| Stepping ~*~*~tactically~*~*~ (outnumbered).
  7296 | D:8      | 7296 ||| Stepping ~*~*~tactically~*~*~ (outnumbered).
  7297 | D:8      | 7297 ||| Stepping ~*~*~tactically~*~*~ (outnumbered).
  7298 | D:8      | 7298 ||| Stepping ~*~*~tactically~*~*~ (outnumbered).
  7320 | D:8      | 7320 ||| Stepping ~*~*~tactically~*~*~ (outnumbered).
  7321 | D:8      | 7321 ||| Stepping ~*~*~tactically~*~*~ (outnumbered).
  7519 | D:8      | 7519 ||| Stepping ~*~*~tactically~*~*~ (stealth).
  7561 | D:8      | 7561 ||| Stepping ~*~*~tactically~*~*~ (hiding).
  7581 | D:8      | 7581 ||| Stepping ~*~*~tactically~*~*~ (stealth).
  7583 | D:8      | 7583 ||| Stepping ~*~*~tactically~*~*~ (hiding).
  7584 | D:8      | 7584 ||| Stepping ~*~*~tactically~*~*~ (hiding).
  7739 | D:8      | 7739 ||| Stepping ~*~*~tactically~*~*~ (outnumbered).
  7740 | D:8      | 7740 ||| Stepping ~*~*~tactically~*~*~ (outnumbered).
  7741 | D:8      | 7741 ||| Stepping ~*~*~tactically~*~*~ (outnumbered).
  7742 | D:8      | 7742 ||| Stepping ~*~*~tactically~*~*~ (outnumbered).
  7743 | D:8      | 7743 ||| Stepping ~*~*~tactically~*~*~ (outnumbered).
  7931 | D:8      | 7931 ||| Stepping ~*~*~tactically~*~*~ (hiding).
  7935 | D:8      | 7935 ||| Stepping ~*~*~tactically~*~*~ (stealth).
  8023 | D:8      | Found a staircase to the Lair.
  8041 | D:8      | Reached skill level 13 in Unarmed Combat
  8430 | D:8      | 8430 ||| Stepping ~*~*~tactically~*~*~ (hiding).
  8433 | D:8      | 8433 ||| DRINKING 4 potions of curing.
  8433 | D:8      | 8433 ||| (to cure confusion)
  8465 | D:8      | 8465 ||| READING scroll labelled XEIRON PUZAAPT.
  8466 | D:8      | 8466 ||| PLANNING LAIR
  8507 | Lair:1   | Entered Level 1 of the Lair of Beasts
  8507 | Lair:1   | Noticed a cane toad
  8518 | Lair:1   | Killed a cane toad
  8576 | Lair:1   | Noticed a black mamba
  8576 | Lair:1   | Noticed a cane toad
  8577 | Lair:1   | 8577 ||| INVOKING Fiery Armour.
  8584 | Lair:1   | Killed a black mamba
  8585 | Lair:1   | Reached skill level 14 in Unarmed Combat
  8587 | Lair:1   | Killed a cane toad
  8713 | Lair:1   | Noticed an elephant
  8713 | Lair:1   | Noticed an elephant
  8714 | Lair:1   | Noticed an elephant
  8725 | Lair:1   | 8725 ||| Stepping ~*~*~tactically~*~*~ (outnumbered).
  8729 | Lair:1   | Killed an elephant
  8730 | Lair:1   | Reached skill level 3 in Armour
  8733 | Lair:1   | Killed an elephant
  8738 | Lair:1   | Killed an elephant
  8900 | Lair:1   | Reached XP level 11. HP: 105/105 MP: 11/11
  8933 | Lair:1   | Noticed a death yak
  8934 | Lair:1   | Noticed qw's ghost (novice TeWr)
  8945 | Lair:1   | Found a runed translucent gate.
  8945 | Lair:1   | Found a runed translucent gate.
  8958 | Lair:1   | Found a runed translucent gate.
  8994 | Lair:1   | Noticed a death yak
  8995 | Lair:1   | 8995 ||| INVOKING Fiery Armour.
  8998 | Lair:1   | Noticed a death yak
  9000 | Lair:1   | Noticed a death yak
  9000 | Lair:1   | Noticed a death yak
  9003 | Lair:1   | Noticed a death yak
  9004 | Lair:1   | Noticed a death yak
  9006 | Lair:1   | 9006 ||| Stepping ~*~*~tactically~*~*~ (outnumbered).
  9007 | Lair:1   | 9007 ||| Stepping ~*~*~tactically~*~*~ (outnumbered).
  9008 | Lair:1   | 9008 ||| Stepping ~*~*~tactically~*~*~ (outnumbered).
  9009 | Lair:1   | 9009 ||| Stepping ~*~*~tactically~*~*~ (outnumbered).
  9011 | Lair:1   | Killed a death yak
  9012 | Lair:1   | Reached skill level 6 in Fighting
  9013 | Lair:1   | HP: 24/106 [death yak (15)]
  9014 | Lair:1   | 9014 ||| READING 3 scrolls of teleportation.
  9015 | Lair:1   | 9015 ||| Stepping ~*~*~tactically~*~*~ (outnumbered).
  9016 | Lair:1   | 9016 ||| Stepping ~*~*~tactically~*~*~ (outnumbered).
  9113 | Lair:1   | 9113 ||| Stepping ~*~*~tactically~*~*~ (outnumbered).
  9114 | Lair:1   | 9114 ||| Stepping ~*~*~tactically~*~*~ (outnumbered).
  9115 | Lair:1   | 9115 ||| INVOKING Fiery Armour.
  9116 | Lair:1   | 9116 ||| Stepping ~*~*~tactically~*~*~ (outnumbered).
  9117 | Lair:1   | 9117 ||| Stepping ~*~*~tactically~*~*~ (outnumbered).
  9118 | Lair:1   | 9118 ||| Stepping ~*~*~tactically~*~*~ (outnumbered).
  9119 | Lair:1   | 9119 ||| Stepping ~*~*~tactically~*~*~ (outnumbered).
  9120 | Lair:1   | Killed a death yak
  9123 | Lair:1   | 9123 ||| Stepping ~*~*~tactically~*~*~ (outnumbered).
  9124 | Lair:1   | 9124 ||| Stepping ~*~*~tactically~*~*~ (outnumbered).
  9125 | Lair:1   | 9125 ||| Stepping ~*~*~tactically~*~*~ (outnumbered).
  9126 | Lair:1   | 9126 ||| Stepping ~*~*~tactically~*~*~ (outnumbered).
  9127 | Lair:1   | 9127 ||| Stepping ~*~*~tactically~*~*~ (outnumbered).
  9129 | Lair:1   | 9129 ||| Stepping ~*~*~tactically~*~*~ (outnumbered).
  9130 | Lair:1   | 9130 ||| Stepping ~*~*~tactically~*~*~ (outnumbered).
  9131 | Lair:1   | 9131 ||| Stepping ~*~*~tactically~*~*~ (outnumbered).
  9132 | Lair:1   | 9132 ||| Stepping ~*~*~tactically~*~*~ (outnumbered).
  9133 | Lair:1   | 9133 ||| Stepping ~*~*~tactically~*~*~ (outnumbered).
  9134 | Lair:1   | 9134 ||| Stepping ~*~*~tactically~*~*~ (outnumbered).
  9135 | Lair:1   | 9135 ||| Stepping ~*~*~tactically~*~*~ (outnumbered).
  9135 | Lair:1   | HP: 26/106 [death yak (3)]
  9138 | Lair:1   | 9138 ||| Stepping ~*~*~tactically~*~*~ (outnumbered).
  9139 | Lair:1   | 9139 ||| Stepping ~*~*~tactically~*~*~ (outnumbered).
  9140 | Lair:1   | 9140 ||| Stepping ~*~*~tactically~*~*~ (outnumbered).
  9142 | Lair:1   | 9142 ||| Stepping ~*~*~tactically~*~*~ (outnumbered).
  9143 | Lair:1   | 9143 ||| Stepping ~*~*~tactically~*~*~ (outnumbered).
  9144 | Lair:1   | 9144 ||| Stepping ~*~*~tactically~*~*~ (outnumbered).
  9145 | Lair:1   | 9145 ||| Stepping ~*~*~tactically~*~*~ (outnumbered).
  9145 | Lair:1   | HP: 23/106 [death yak (11)]
  9146 | Lair:1   | 9146 ||| READING 2 scrolls of teleportation.
  9147 | Lair:1   | 9147 ||| Stepping ~*~*~tactically~*~*~ (outnumbered).
  9148 | Lair:1   | 9148 ||| Stepping ~*~*~tactically~*~*~ (outnumbered).
  9373 | Lair:1   | Noticed a seven-headed hydra
  9380 | Lair:1   | HP: 16/106 [eight-headed hydra (12)]
  9381 | Lair:1   | 9381 ||| READING 2 scrolls of teleportation.
  9381 | Lair:1   | HP: 5/106 [eight-headed hydra (8)]
  9381 | Lair:1   | HP: 1/106 [eight-headed hydra (4)]
  9381 | Lair:1   | Slain by an eight-headed hydra

Levels and vault maps discovered:
D:1:      dpeg_arrival_orchard, layout_loops_ring, basic_ecumenical_altar,
          minmay_misc_feat_doors
D:2:      layout_basic, serial_shops, nicolae_shop_advertising_works
          [nicolae_subvault_shop_adworks], minivault_11
D:3:      layout_basic
D:4:      lemuel_castle_with_subvaults [lemuel_castle_interior_carwin_2],
          layout_gridville, minmay_temple_entry_glass, minmay_ruptured,
          uniq_edmund, uniq_grinder
D:5:      minmay_opposing_rooms, layout_loops_ring,
          gammafunk_temple_overflow_elements, nicolae_ashenzari_panopticon
D:6:      layout_loops_ring, mainiacjoe_overflow_boulevard, elyvilon_altar_5,
          kennysheep_little_box, serial_shops, nicolae_inconvenience_store,
          uniq_duvessa, uniq_blork_the_orc, uniq_maggie
D:7:      layout_cave_pods, makhleb_blood_cavern_becter, dk_xom_monty_hall,
          lightli_minifort
D:8:      layout_cave_pods, david_lair_shrubbed, minmay_manual_mullet
Lair:1:   layout_small_grid, gammafunk_ghost_split, lemuel_fruit_fields,
          grunt_megastairs_4

Skill      XL: |  1  2  3  4  5  6  7  8  9 10 11 |
---------------+----------------------------------+-----
Unarmed Combat | 4 5 6 8 10 12 14 | 14.4
Throwing       | 1 2 3 5 |  5.0
Fighting       | 3 4 5 6 |  6.3
Dodging        | 1 |  1.0
Armour         | 2 3 |  3.7
Spellcasting   | |  1.0
Fire Magic     | |  2.1

Action                   |  1- 3 |  4- 6 |  7- 9 | 10-12 || total
-------------------------+-------+-------+-------+-------++-------
Melee: Unarmed           |    54 |    90 |   271 |   194 ||   609
       Punch             |       |     2 |     7 |    17 ||    26
Throw: Boomerang         |       |     7 |    53 |    48 ||   108
       Large rock        |       |       |    39 |     4 ||    43
Invok: Fiery Armour      |     1 |     1 |     6 |     4 ||    12
  Use: Scroll            |     4 |     8 |     5 |     5 ||    22
       Potion            |     1 |     2 |     4 |     1 ||     8
Armor: Robe              |    15 |    18 |    77 |       ||   110
       Swamp dragon scal |       |       |    37 |   131 ||   168
Dodge: Dodged            |    15 |    23 |    96 |    61 ||   195

Table legend:
 A = Non-vault XP
 B = Vault XP
 C = Vault XP percentage of total XP
 D = Non-vault monster count
 E = Vault monster count
 F = Vault count percentage of total count
                 A         B        C        D         E       F
            +---------+---------+-------+---------+---------+-------
      Total |    8934 |    4356 |  32.8 |     156 |      85 |  35.3
            +---------+---------+-------+---------+---------+-------
        D:1 |      20 |       0 |   0.0 |      13 |       0 |   0.0
        D:2 |     116 |       0 |   0.0 |      19 |       0 |   0.0
        D:3 |     193 |       0 |   0.0 |      24 |       0 |   0.0
        D:4 |     251 |    1182 |  82.5 |       7 |      57 |  89.1
        D:5 |     521 |     683 |  56.7 |      14 |      10 |  41.7
        D:6 |     513 |     711 |  58.1 |      14 |       4 |  22.2
        D:7 |    1061 |     393 |  27.0 |      17 |       8 |  32.0
        D:8 |    1499 |     943 |  38.6 |      36 |       5 |  12.2
     Lair:1 |    4760 |     444 |   8.5 |      12 |       1 |   7.7
            +---------+---------+-------+---------+---------+-------
